AoeStats
← papalove

Arabia

509855046Analyzed
2v2 RM · 5d ago on Sep 28, 2026· 40m 26s· 4 players
Game mode
Random Map
Map size
Medium (4 player)
Population
200
Speed
Normal
Resources
Standard
Victory
Conquest
Starting age
Dark Age
Ending age
Imperial Age
RankedLock teamsTeams togetherTeam positionsShared explorationLock speedFull tech treeHidden civsTurbo modeCheats
Victory
Defeat
🇮🇸 Saxons · Iceland
1249
+14
🇮🇳 Lithuanians · India
1178
+16
🇫🇷 Maya · France
1222
-16
🇫🇷 Georgians · France
1161
-14
Aspen
8:25 Feudal Age
8:20 Loom
9:32 Double-Bit Axe
10:29 Horse Collar
13:55 Fletching
20:56 Wheelbarrow
23:55 Castle Age
22:38 Gold Mining
23:11 Scale Barding Armor
23:31 Bloodlines
24:07 Forging
24:54 Husbandry
25:12 Bow Saw
26:42 Heavy Plow
31:25 Hand Cart
35:34 Chain Barding Armor
38:12 Imperial Age
35:35 Town Watch
37:30 Iron Casting
38:09 Stone Mining
38:38 Town Patrol
38:16 Cavalier
39:32 Plate Barding Armor
Creamy 'Baldursson' Jones
9:46 Feudal Age
10:41 Loom
11:55 Double-Bit Axe
13:20 Forging
13:02 Fletching
13:55 Padded Archer Armor
14:16 Horse Collar
22:00 Castle Age
21:29 Forging
21:19 Scale Mail Armor
22:10 Gold Mining
22:38 Gambesons
22:54 Squires
23:51 Chain Mail Armor
23:50 Bodkin Arrow
24:25 Bow Saw
25:21 Crossbowman
34:20 Thumb Ring
37:35 Iron Casting
37:19 Leather Archer Armor
37:27 Ballistics
37:36 Clerical Recruitment
38:59 Heavy Plow
papalove
0:26 Loom
9:33 Feudal Age
10:24 Double-Bit Axe
13:52 Horse Collar
15:38 Man-at-Arms
22:55 Castle Age
22:46 Scale Mail Armor
22:57 Forging
23:58 Squires
24:09 Pikeman
25:14 Eagle Warrior
32:59 Chain Mail Armor
34:31 Wheelbarrow
34:09 Man-at-Arms
35:52 Long Swordsman
38:04 Iron Casting
Peaky
9:37 Feudal Age
10:18 Loom
20:53 Fletching
26:24 Castle Age
24:27 Double-Bit Axe
24:25 Horse Collar
26:34 Elite Skirmisher
28:00 Scale Barding Armor
27:51 Bodkin Arrow
33:57 Husbandry
Connection lost

Rejoining the realm…

Still unreachable

The connection could not be restored.

Session expired

The server has moved on; the page needs a fresh start.